 Dungeon Crawl Stone Soup version 0.32-a0-589-g2d1f746d5d (webtiles) character file.

Game seed: 9141632701915075317

22 Armakuni the Charlatan (level 2, 0/21 HPs)
             Began as a Human Artificer on Mar 2, 2024.
             Slain by a kobold
             ... wielding a +0 club
              (4 damage)
             ... on level 1 of the Dungeon.
             The game lasted 00:01:59 (410 turns).

Armakuni the Charlatan (Human Artificer)             Turns: 410, Time: 00:01:59

Health: 0/21       AC:  3    Str: 12    XL:     2   Next: 91%
Magic:  2/2        EV: 11    Int: 11    God:
Gold:   49         SH:  0    Dex: 13    Spells: 1/1 levels left

rFire   . . .        a - +0 club
rCold   . . .        (no shield)
rNeg    . . .        b - +0 leather armour
rPois   .            (no helmet)
rElec   .            (no cloak)
rCorr   .            (no gloves)
SInv    .            (no boots)
Will    .....        (no amulet)
Stlth   +            (no ring)
HPRegen 0.23/turn    (no ring)
MPRegen 0.08/turn

%: no passive effects
@: no status effects
A: explore regen
a: no special abilities


You were on level 1 of the Dungeon.
You visited 1 branch of the dungeon, and saw 1 of its levels.

You collected 49 gold pieces.

Inventory:

Hand Weapons
 a - a +0 club (weapon)
Armour
 b - a +0 leather armour (worn)
Wands
 c - a wand of flame (15) (quivered)
 d - a wand of charming (15)
 e - a wand of iceblast (5)
Scrolls
 f - a scroll of enchant weapon {unknown}
 g - a scroll of noise {unknown}
 h - a scroll of immolation {unknown}


   Skills:
 - Level 1.0 Fighting
 + Level 2.4 Maces & Flails
 - Level 2.0 Armour
 - Level 1.0 Dodging
 - Level 1.0 Stealth
 - Level 3.0 Evocations


You had one spell level left.
You didn't know any spells.
Your spell library contained the following spells:

 Spells                   Type           Power      Damage    Failure   Level
 Conjure Ball Lightning   Conj/Air       0%         3x3d6     100%        6
 Discord                  Hex            0%         N/A       100%        8
 Disjunction              Tloc           0%         N/A       100%        8


Dungeon Overview and Level Annotations

Branches:
Dungeon (1/15)

Altars:


Innate Abilities, Weirdness & Mutations

You regain HP and MP as you explore.


Message History

You now have 49 gold pieces (gained 5).
A kobold comes into view. It is wielding a +0 club.
A ball python comes into view.
The ball python hisses angrily.
The kobold shouts!
The ball python moves out of view.
Found 16 gold pieces.
You see here a scroll labelled MEINOI PEFRUC.
h - a scroll labelled MEINOI PEFRUC A hobgoblin comes into view.
You hit the ball python.
You kill the ball python!
You closely miss the kobold. The kobold hits you but does no damage.
You hit the kobold but do no damage. The kobold hits you but does no damage.
The kobold closely misses you.
You hit the kobold.
The kobold is heavily wounded.
The kobold hits you but does no damage.
You hit the kobold.
The kobold is severely wounded.
The kobold hits you with a +0 club.
You barely miss the kobold.
The kobold is severely wounded.
The kobold hits you with a +0 club.
You closely miss the kobold.
The kobold is severely wounded.
The kobold hits you with a +0 club.
You barely miss the kobold.
The kobold is severely wounded.
The kobold hits you with a +0 club.
You hit the kobold but do no damage.
The kobold is severely wounded.
The kobold hits you with a +0 club. x2
You miss the kobold.
The kobold is heavily wounded.
The kobold hits you with a +0 club.
* * * LOW HITPOINT WARNING * * *
You hit the kobold but do no damage.
The kobold is heavily wounded.
The kobold hits you with a +0 club.
You die...

.................##. #≈.## # .
.....^.............. ≈.#.###
......................
##.##.## ....................#
#..§#..# .g..................#
#..#.#. $......####.#...##..#
##.### ......###...........#
##.##.#.
###........##)....##.#..#.###
##.......K@........#.###..#
...........###..#....#..#.##)
#.....>....###...#.#..#<..#.≈#
#..............#.#.#..########
######.....#####†#.....#......
#.....#####.#.##.........
................#.##.# #..
##.....######......#.###..
#..... ###...##...#.#...#


You could see a kobold.

Vanquished Creatures
  A dart slug (D:1)
  3 endoplasms (D:1)
  A giant cockroach (D:1)
  A goblin (D:1)
  4 hobgoblins (D:1)
  A kobold (D:1)
  2 ball pythons (D:1)
  3 bats (D:1)
  2 frilled lizards (D:1)
  A rat (D:1)
19 creatures vanquished.

Notes
Turn   | Place    | Note
-------+----------+-------------------------------------------
     0 | D:1      | Armakuni the Human Artificer began the quest for the Orb.
     0 | D:1      | Reached XP level 1. HP: 15/15 MP: 1/1
    57 | D:1      | Reached skill level 1 in Maces & Flails
   120 | D:1      | Reached XP level 2. HP: 20/21 MP: 2/2
   410 | D:1      | Slain by a kobold

Illustrated notes

Levels and vault maps discovered:
D:1:      dpeg_arrival_brainrot, layout_rooms, chequers_serial_rivers_small_3,
          grunt_decor_resistance

Skill      XL: |  1  2 |
---------------+-------+-----
Maces & Flails | 1 2 |  2.4
Fighting       | |  1.0
Armour         | |  2.0
Dodging        | |  1.0
Stealth        | |  1.0
Evocations     | |  3.0

Action                     || total
---------------------------++-------
  Melee: Club              ||    97
    Use: Potion            ||     1
 Armour: Leather armour    ||    56
  Dodge: Dodged            ||    57

Table legend: (Time is in decaauts)
 A = Elapsed time spent in this place.
 B = Non-inter-level travel time spent in this place.
 C = Inter-level travel time spent in this place.
 D = Time resting spent in this place.
 E = Time spent auto-exploring this place.
 F = Levels seen in this place.
 G = Mean time per level.
                   A        B        C        D        E       F      G
               +--------+--------+--------+--------+--------+-----+--------+
         Total |    430 |    430 |      0 |     22 |    186 |   1 |  430.0 |
       Dungeon |    430 |    430 |      0 |     22 |    186 |   1 |  430.0 |
               +--------+--------+--------+--------+--------+-----+--------+

Top non-repeatable levels by time:
     D:1: 430 daAuts
